 Dungeon Crawl Stone Soup version 0.30-a0-359-gd0147acb1a (webtiles) character file.

Game seed: 13929525745181932380

98 oldriver the Grave Robber (level 4, -3/33 HPs)
             Began as a Mummy Necromancer on Nov 12, 2022.
             Killed from afar by Terence (9 damage)
             ... with a bolt of light
             ... on level 3 of the Dungeon.
             The game lasted 00:05:15 (2498 turns).

oldriver the Grave Robber (Mummy Necromancer)       Turns: 2498, Time: 00:05:17

Health: -3/33      AC:  2    Str: 11    XL:     4   Next: 43%
Magic:  8/10       EV: 12    Int: 16    God:
Gold:   154        SH:  0    Dex: 12    Spells: 4/11 levels left

rFire   x . .      SeeInvis .    b - +2 whip (venom)
rCold   + . .      Faith    +    (no shield)
rNeg    + + +      Spirit   .    a - +0 robe
rPois   ∞          Reflect  .    (no helmet)
rElec   .          Harm     .    f - scarf {repulsion}
rCorr   .          Rampage  .    l - +2 pair of gloves
Will    .....                    j - +0 pair of boots
Stlth   ++........               (no amulet)
HPRegen 0.25/turn                (no ring)
MPRegen 0.12/turn                (no ring)

@: about to teleport, corroded, repel missiles
A: cold resistance 1, negative energy resistance 3, torment resistance 2, heat
vulnerability 1, in touch with death 1, no potions, faith
a: no special abilities


You were on level 3 of the Dungeon.
You visited 1 branch of the dungeon, and saw 3 of its levels.

You collected 154 gold pieces.

Inventory:

Hand Weapons
 b - a +2 whip of venom (weapon)
Armour
 a - a +0 robe (worn)
 f - a scarf of repulsion (worn)
 j - a +0 pair of boots (worn)
 l - a +2 pair of gloves (worn)
Jewellery
 e - a ring of magical power
Scrolls
 c - a scroll of brand weapon
 d - 2 scrolls of blinking


   Skills:
 + Level 1.9 Fighting
 - Level 1.5 Dodging
 - Level 1.5 Stealth
 * Level 4.0 Spellcasting
 + Level 0.4 Conjurations
 + Level 4.6 Necromancy
 + Level 0.3 Earth Magic


You had 4 spell levels left.
You knew the following spells:

 Your Spells              Type           Power      Damage    Failure   Level
a - Necrotise             Necr           100%       1d9       2%          1
b - Vampiric Draining     Necr           27%        2d7       8%          3
c - Stone Arrow           Conj/Erth      8%         3d7       38%         3

Your spell library contained the following spells:

 Spells                   Type           Power      Damage    Failure   Level
 Kiss of Death            Conj/Necr      68%        2d10      6%          1
 Magic Dart               Conj           16%        1d3       14%         1
 Momentum Strike          Conj/Tloc      8%         3d8       22%         2
 Blink                    Tloc           6%         N/A       26%         2
 Call Imp                 Summ           3%         N/A       26%         2
 Animate Dead             Necr           27%        N/A       26%         4
 Mephitic Cloud           Conj/Pois/Air  3%         N/A       43%         3
 Lesser Beckoning         Tloc           6%         N/A       45%         3
 Leda's Liquefaction      Hex/Erth       1%         N/A       83%         4
 Cause Fear               Hex            1%         N/A       86%         4
 Agony                    Necr           27%        N/A       56%         5
 Lehudib's Crystal Spear  Conj/Erth      2%         10d2      100%        8
 Dragon's Call            Summ           1%         N/A       100%        9
 Dragon Form              Tmut           Unusable   N/A       N/A         7

Dungeon Overview and Level Annotations

Branches:
Dungeon (3/15)

Altars:

Shops:
D:1 (   D:2 ::((*

Annotations:
D:3 Terence


Innate Abilities, Weirdness & Mutations

You are immune to poison.
Your flesh is cold resistant. (rC+)
You are immune to negative energy. (rN+++)
You are immune to unholy pain and torment.
You are vulnerable to heat. (rF-)
You are in touch with the powers of death.
You do not drink.
You have a special connection with the divine. (Faith)


Message History

You can't see any susceptible monsters within range! (Use Z to cast anyway.)
You can't see any susceptible monsters within range! (Use Z to cast anyway.)
You swap places.
You swap places.
Your bat skeleton crumbles into dust!
A goblin comes into view. It is wielding a +0 dagger.
The goblin shouts!
A goblin is nearby!
A goblin is nearby!
A goblin is nearby!
You can't see any susceptible monsters within range! (Use Z to cast anyway.)
You feel a surge of power!
The goblin writhes in agony.
The goblin throws a stone.
The stone misses you.
You feel a surge of power!
The goblin barely resists.
You feel a surge of power!
The goblin writhes in agony.
You kill the goblin!
The dead are walking!
You can't see any susceptible monsters within range! (Use Z to cast anyway.)
Your goblin skeleton crumbles into dust!
Things that are here:
a +0 dagger; 8 stones You now have 154 gold pieces (gained 7).
Found a stone staircase leading down.
Terence and a jelly come into view.
Terence is wielding a +0 mace and carrying a wand of light (10).
There are monsters nearby!
There are monsters nearby!
You feel a surge of power!
Terence writhes in agony.
You feel a surge of power!
Terence writhes in agony!
Terence attacks as you move away! Terence hits you with a +0 mace.
Terence zaps a wand.
The bolt of light hits you!
You feel a surge of power!
Terence barely resists.
As you read the scroll of teleportation, it crumbles to dust.
You feel strangely unstable. Terence hits you with a +0 mace.
The jelly hits you. The acid corrodes you!
You are splashed with acid!
* * * LOW HITPOINT WARNING * * *
Unknown command.
Terence shouts, "DIE!!!"
Terence zaps a wand.
The bolt of light hits you!
You die...

######### ##
##..>..... ..
#......... .# #..#
.# #..# #######.###
#..######.........#
#J@##..............
#..##.###.####..#.#
#.@.#.# #.# #.....
##..#.# #.# #...##
#..#.# #.# ##...#
#..#.# #.# #....#
##..#.# #.# #..#.#
#...#.# #.# #..#.##
#.#.#.# #.# #..#...
#.#.#.# #.# #..##..
#^#.#.###.###......


You could see Terence and a jelly.

Vanquished Creatures
  3 adders (D:2)
  A dart slug (D:1)
  A worm (D:2)
  2 orcs (D:3)
  5 ball pythons
  6 bats
  5 endoplasms
  A giant cockroach (D:1)
  5 goblins
  5 hobgoblins
  4 jackals (D:2)
  4 kobolds
  3 quokkas
  4 frilled lizards
  7 rats
56 creatures vanquished.

Vanquished Creatures (collateral kills)
  2 endoplasms
2 creatures vanquished.

Grand Total: 58 creatures vanquished

Notes
Turn   | Place    | Note
-------+----------+-------------------------------------------
     0 | D:1      | oldriver the Mummy Necromancer began the quest for the Orb.
     0 | D:1      | Reached XP level 1. HP: 13/13 MP: 4/4
   137 | D:1      | Got the Textbook on Spellbinding and Conjuration
   161 | D:1      | Reached XP level 2. HP: 20/20 MP: 3/6
   394 | D:1      | Reached skill level 1 in Fighting
   506 | D:1      | Found Haar's Weapon Boutique.
   919 | D:1      | Gained mutation: You are in touch with the powers of death.
                  | [Mummy growth]
   919 | D:1      | Reached XP level 3. HP: 26/26 MP: 4/7
  1130 | D:2      | Found Nilet's Book Shoppe.
  1257 | D:2      | Found Fuong's General Store.
  1291 | D:2      | Learned a level 3 spell: Vampiric Draining
  1340 | D:2      | Found Yhotov's Antique Weapon Emporium.
  1340 | D:2      | Found Bujivas's Antique Weapon Emporium.
  1371 | D:2      | Found Koyseamnisch's Book Shop.
  1484 | D:2      | Learned a level 3 spell: Stone Arrow
  1611 | D:2      | Reached XP level 4. HP: 33/33 MP: 5/9
  2489 | D:3      | Noticed Terence
  2498 | D:3      | Killed from afar by Terence

Illustrated notes

Levels and vault maps discovered:
D:1:      dpeg_arrival_pits, layout_basic, serial_shops,
          nicolae_shop_bloodbath_and_beyond, minmay_pentomino_s2
D:2:      layout_basic, serial_shops, shop, shop, shop, shop, shop_fountains
D:3:      layout_loops_ring, mainiacjoe_overflow_alcove_1, uniq_terence

Skill      XL: |  1  2  3  4 |
---------------+-------------+-----
Spellcasting   | 3 4 |  4.0
Fighting       | 1 |  1.9
Dodging        | |  1.5
Stealth        | |  1.5
Conjurations   | |  0.4
Necromancy     | |  4.6
Earth Magic    | |  0.3

Action                   |  1- 3 |  4- 6 || total
-------------------------+-------+-------++-------
 Cast: Necrotise         |    79 |    37 ||   116
  Use: Scroll            |       |     8 ||     8
Armor: Robe              |       |     1 ||     1
Dodge: Dodged            |     8 |     3 ||    11

Table legend: (Time is in decaauts)
 A = Elapsed time spent in this place.
 B = Non-inter-level travel time spent in this place.
 C = Inter-level travel time spent in this place.
 D = Time resting spent in this place.
 E = Time spent auto-exploring this place.
 F = Levels seen in this place.
 G = Mean time per level.
                   A        B        C        D        E       F      G
               +--------+--------+--------+--------+--------+-----+--------+
         Total |   2497 |   2458 |     39 |    147 |   1914 |   3 |  832.3 |
       Dungeon |   2497 |   2458 |     39 |    147 |   1914 |   3 |  832.3 |
               +--------+--------+--------+--------+--------+-----+--------+

Top non-repeatable levels by time:
     D:1: 1067 daAuts
     D:2: 722 daAuts
     D:3: 706 daAuts
